 Dungeon Crawl Stone Soup version 0.31-a0-473-g61b50ae490 (webtiles) character file.

Game seed: 6456871566629689478

3095 mandarbmax the Grappler (level 9, -6/86 (88) HPs)
             Began as a Troll Shapeshifter on Aug 7, 2023.
             Was a Follower of Qazlal.
             Mangled by a wight
             ... wielding a +3 long sword
              (8 damage)
             ... on level 7 of the Dungeon.
             The game lasted 00:11:36 (4893 turns).

mandarbmax the Grappler (Troll Shapeshifter)        Turns: 4893, Time: 00:11:36

HP:   -6/86 (88)    AC:  4    Str: 29    XL:     9   Next: 59%
MP:   8/9           EV: 10    Int:  4    God:    Qazlal [*.....]
Gold: 322           SH:  1    Dex: 10    Spells: 8/8 levels left

rFire   . .          .
                       - Unarmed
rCold   . . .        (no shield)
rNeg    . . .        a - +0 animal skin
rPois   .            (helmet currently unavailable)
rElec   .            (cloak currently unavailable)
rCorr   .            (gloves unavailable)
SInv    .            (boots unavailable)
Will    .....        u - amulet of faith
Stlth   +            (no ring)
HPRegen 1.14/turn    (no ring)
MPRegen 0.11/turn

%: faith
@: lethally poisoned (-6 -> -7), beast-form, marked, lightly drained
A: beast (slay +3), large, unfitting armour, claws 3, regeneration 1, shaggy fur
1, tough skin 1
a: Begin Untransformation, Renounce Religion


You were on level 7 of the Dungeon.
You worshipped Qazlal.
Qazlal was aware of your devotion.
You were a hulking beast.
You visited 2 branches of the dungeon, and saw 8 of its levels.
You also visited: Ossuary.

You collected 322 gold pieces.

Inventory:

Missiles
 g - 3 throwing nets (quivered)
Armour
 a - a +0 animal skin (worn)
Jewellery
 u - an amulet of faith (around neck)
Talismans
 c - a beast talisman (active)
Wands
 s - a wand of roots (9)
 x - a wand of acid (12)
Scrolls
 e - a scroll of summoning
 f - 3 scrolls of teleportation
 l - 3 scrolls of blinking
 n - a scroll of amnesia
 p - 2 scrolls of silence {unknown}
 r - 2 scrolls of enchant armour {unknown}
 t - a scroll of fog
 v - a scroll of immolation
 y - 3 scrolls of poison {unknown}
 z - a scroll of revelation
Potions
 b - 2 potions of lignification
 d - a potion of haste
 h - 3 potions of brilliance {unknown}
 i - a potion of cancellation
 j - 2 potions of invisibility
 k - 4 potions of curing
 m - a potion of mutation
 o - 2 potions of enlightenment {unknown}
 q - 4 potions of attraction {unknown}
 w - 2 potions of degeneration {unknown}


   Skills:
 * Level 5.0 Fighting
 + Level 3.9 Dodging
 * Level 10.7 Unarmed Combat
 + Level 1.4 Invocations
 + Level 4.5 Shapeshifting


You had 8 spell levels left.
You didn't know any spells.
Your spell library contained the following spells:

 Spells                   Type           Power      Damage    Failure   Level
 Call Canine Familiar     Summ           0%         N/A       86%         3
 Portal Projectile        Hex/Tloc       0%         N/A       86%         3
 Animate Armour           Summ/Erth      0%         N/A       99%         4
 Leda's Liquefaction      Hex/Erth       0%         N/A       99%         4
 Alistair's Intoxication  Tmut/Pois      0%         N/A       100%        5
 Yara's Violent Unravell  Hex/Tmut       0%         3d3       100%        5


Dungeon Overview and Level Annotations

Branches:
Dungeon (7/15)             Temple (1/1) D:6         Ossuary (visited)

Altars:
Ashenzari
Cheibriados
Dithmenos
Elyvilon
Fedhas
Hepliaklqana
Kikubaaqudgha
Makhleb
Nemelex Xobeh
Qazlal
Sif Muna
Trog
Uskayaw
Wu Jian
Xom
Yredelemnul
Zin

Shops:
D:2 [*:   D:6 (


Innate Abilities, Weirdness & Mutations

You are a hulking beast.
Your limbs bulge with bestial killing power. (Slay +3)
You are too large for most types of armour.
You have claws for hands.
Your natural rate of healing is unusually fast.
You are covered in fur. (AC +1)
You have tough skin. (AC +1)


Message History

Maggie is moderately wounded.
You feel sick.
The kobold brigand hits you with a +0 dagger.
The wight hits you with a +0 long sword.
You feel drained.
Maggie hits you with a +1 halberd of draining.
You feel drained.
You mangle Maggie!!
Maggie is severely wounded.
You feel sick.
Unknown command.
You scratch Maggie.
Maggie is severely wounded.
You feel sick.
The kobold brigand hits you with a +0 dagger.
The wight hits you with a +0 long sword.
The gnoll hits you with a +0 flail. Maggie misses you.
Unknown command.
You mangle Maggie!!
You kill Maggie!
Qazlal accepts your kill.
You are now surrounded by a storm.
You feel sick.
The kobold brigand hits you with a +0 dagger.
* * * LOW HITPOINT WARNING * * *
The wight closely misses you. The gnoll hits you with a +0 flail!
* * * LOW HITPOINT WARNING * * *
The gnoll sergeant misses you.
Your life force feels restored.
Your Fighting skill increases to level 5!
The gnoll attacks as you move away! The gnoll misses you.
The wight attacks as you move away! The wight closely misses you.
You feel sick.
The kobold brigand throws a poisoned dart.
The poisoned dart barely misses you. The wight attacks as you move away!
The wight hits you with a +0 long sword!
* * * LOW HITPOINT WARNING * * *
You feel drained. The wight attacks as you move away!
The wight hits you with a +3 long sword!
You die...

........####....## ..
.........##......##..
#./...#.............
#...##.............
#...#...#gg.......
#..oz...#.zz......
#ggK.z..#.........
#zzg#z..zz....?...
#h#.#............#
#.####..........##
#.# ##.......>## +.#
##......## ..#
######## ###


You could see a kobold brigand, a gnoll sergeant, 4 wights, 2 gnolls and an orc.

Vanquished Creatures
  Pikel (D:5)
  Maggie (D:7)
  Prince Ribbit (D:6)
  Edmund (D:5)
  A black bear (D:7)
  4 ogres
  A centaur (D:6)
  A phantom (D:6)
  A bullfrog (D:6)
  3 scorpions
  4 water moccasin zombies (Ossuary)
  A howler monkey (D:4)
  6 orc priests
  2 hounds (D:5)
  3 jellies
  Jessica (D:3)
  A gnoll bouda (D:5)
  3 iguanas (D:5)
  4 orc wizards
  2 mummies (Ossuary)
  11 gnolls
  9 adders
  2 shadow imps
  3 white imps
  An ufetubus (D:7)
  4 adder zombies (Ossuary)
  A worm (D:2)
  A dart slug (D:4)
  23 orcs
  4 endoplasms
  5 giant cockroaches
  4 gnoll zombies (Ossuary)
  15 goblins
  9 hobgoblins
  A quokka (D:2)
  10 ball pythons
  4 bats
  4 frilled lizards
  4 hobgoblin zombies (Ossuary)
  7 kobolds
  3 kobold zombies (Ossuary)
  2 orc zombies (Ossuary)
  2 rats
171 creatures vanquished.

Notes
Turn   | Place    | Note
-------+----------+-------------------------------------------
     0 | D:1      | mandarbmax the Troll Shapeshifter began the quest for the
                  | Orb.
     0 | D:1      | Reached XP level 1. HP: 18/18 MP: 0/0
   146 | D:1      | Reached skill level 1 in Fighting
   262 | D:1      | Reached XP level 2. HP: 27/27 MP: 1/1
   389 | D:1      | Got the Almanac of Volcanic Shaping
   925 | D:2      | Reached skill level 4 in Unarmed Combat
   925 | D:2      | Reached XP level 3. HP: 33/33 MP: 2/2
  1084 | D:2      | Found Tiod Ugo's General Store.
  1084 | D:2      | Found Ucyjeu's Book Boutique.
  1128 | D:2      | Reached XP level 4. HP: 41/41 MP: 3/3
  1229 | D:2      | Reached skill level 5 in Unarmed Combat
  1331 | D:2      | Found Ihung's Armour Shoppe.
  1775 | D:3      | Noticed Jessica
  1781 | D:3      | Found a shimmering blue altar of Sif Muna.
  1795 | D:3      | Killed Jessica
  1796 | D:3      | Reached XP level 5. HP: 28/48 MP: 4/4
  2398 | D:4      | Reached skill level 6 in Unarmed Combat
  2406 | D:4      | Noticed an ogre
  2413 | D:4      | Killed an ogre
  2414 | D:4      | Reached XP level 6. HP: 55/55 MP: 5/5
  2452 | D:4      | Found a sand-covered staircase.
  2460 | Ossuary  | Entered an ossuary
  2491 | Ossuary  | Reached skill level 7 in Unarmed Combat
  2574 | Ossuary  | Reached XP level 7. HP: 53/62 MP: 6/6
  2582 | Ossuary  | Reached skill level 8 in Unarmed Combat
  3047 | D:5      | Entered Level 5 of the Dungeon
  3146 | D:5      | Reached skill level 9 in Unarmed Combat
  3237 | D:5      | Reached XP level 8. HP: 72/72 MP: 7/7
  3304 | D:5      | HP: 3/72 [gnoll/+0 spear[a gnoll bouda] (5)]
  3459 | D:5      | Noticed Pikel
  3472 | D:5      | Killed Pikel
  3754 | D:6      | Noticed Prince Ribbit
  3867 | D:6      | Found Asmiurel's Weapon Boutique.
  3881 | D:6      | Reached skill level 10 in Unarmed Combat
  3931 | D:6      | Found a glowing silver altar of Zin.
  4007 | D:6      | Reached XP level 9. HP: 34/84 MP: 8/8
  4046 | D:6      | Killed Prince Ribbit
  4103 | D:6      | Noticed Edmund
  4208 | D:5      | Killed Edmund
  4348 | D:6      | Found a staircase to the Ecumenical Temple.
  4354 | Temple   | Entered the Ecumenical Temple
  4380 | Temple   | Became a worshipper of Qazlal Stormbringer
  4810 | D:7      | Reached skill level 1 in Invocations
  4880 | D:7      | Noticed Maggie
  4891 | D:7      | Killed Maggie
  4891 | D:7      | Reached * piety under Qazlal
  4892 | D:7      | Reached skill level 5 in Fighting
  4893 | D:7      | HP: 2/88 [wight/+0 long sword (13)]
  4893 | D:7      | Mangled by a wight

Illustrated notes

Levels and vault maps discovered:
D:1:      saegor_arrival_simple_b, layout_loops_corners
D:2:      layout_loops_ring, serial_shops, shop,
          nicolae_shop_pleasant_corner_grove, nicolae_shop_just_a_little_nook,
          st_stairs_1
D:3:      layout_loops_corners, tgw_sif
D:4:      layout_cave_pools, nicolae_ossuary_entry_plus,
          minmay_goblin_kobold_house
D:5:      layout_basic, uniq_pikel
D:6:      layout_gridville, mainiacjoe_overflow_surrounded_room,
          minmay_temple_entry_waves, serial_shops, shop, uniq_edmund,
          uniq_prince_ribbit1
D:7:      layout_cave_pools, mainiacjoe_overflow_swirl, jmf_multi_god_temple,
          minmay_nine_imps, uniq_maggie
Temple:   nicolae_temple_superstar

Skill      XL: |  1  2  3  4  5  6  7  8  9 |
---------------+----------------------------+-----
Fighting       | 1 4 5 |  5.0
Dodging        | 2 3 |  3.9
Unarmed Combat | 4 5 6 7 9 10 | 10.7
Shapeshifting  | 4 |  4.5
Invocations    | 1 |  1.4

Action                     |  1- 3 |  4- 6 |  7- 9 || total
---------------------------+-------+-------+-------++-------
  Melee: Unarmed           |    64 |   134 |   216 ||   414
         Punch             |     3 |     1 |    12 ||    16
  Throw: Throwing net      |       |     1 |     2 ||     3
    Use: Scroll            |       |     7 |     6 ||    13
         Potion            |       |       |     2 ||     2
   Stab: Sleeping          |     1 |     2 |       ||     3
 Armour: Animal skin       |    17 |    38 |    45 ||   100
  Dodge: Dodged            |    21 |    61 |   128 ||   210

Table legend: (Time is in decaauts)
 A = Elapsed time spent in this place.
 B = Non-inter-level travel time spent in this place.
 C = Inter-level travel time spent in this place.
 D = Time resting spent in this place.
 E = Time spent auto-exploring this place.
 F = Levels seen in this place.
 G = Mean time per level.
                   A        B        C        D        E       F      G
               +--------+--------+--------+--------+--------+-----+--------+
         Total |   4836 |   4610 |    226 |    136 |   3394 |   9 |  537.3 |
       Dungeon |   4615 |   4440 |    175 |    136 |   3394 |   7 |  659.3 |
        Temple |     64 |     13 |     51 |      0 |      0 |   1 |   64.0 |
       Ossuary |    156 |    156 |      0 |      0 |      0 |   1 |  156.0 |
               +--------+--------+--------+--------+--------+-----+--------+

Top non-repeatable levels by time:
     D:1: 866 daAuts
     D:5: 840 daAuts
     D:3: 809 daAuts
     D:2: 650 daAuts
     D:6: 644 daAuts
     D:4: 538 daAuts
     D:7: 265 daAuts
 Ossuary: 156 daAuts
  Temple: 64 daAuts
